 Dungeon Crawl Stone Soup version 0.31-a0-1626-g5cb510d322 (webtiles) character file.

Game seed: 15455878457388037494

342044 James the Imperceptible (level 22, -6/121 HPs)
             Began as a Vine Stalker Fighter on Jan 12, 2024.
             Was a Believer of Uskayaw.
             Mangled by a +7 glaive of venom (24 damage)
             ... on level 2 of the Elven Halls.
             The game lasted 02:49:54 (38101 turns).

James the Imperceptible (Vine Stalker Fighter)     Turns: 38101, Time: 02:49:54

Health: -6/121     AC: 10    Str: 16    XL:     22   Next: 2%
Magic:  0/35       EV: 26    Int:  8    God:    Uskayaw [**....]
Gold:   4075       SH: 20    Dex: 23    Spells: 21/21 levels left

rFire   + + +        a - +4 rapier (drain)
rCold   + + +        c - +0 kite shield
rNeg    + . .        z - +1 leather armour "Nutus" {Rampage rC+++ rCorr Str-5}
rPois   +            m - +2 helmet {SInv}
rElec   +            C - +0 cloak of Askafaov {rPois Stlth+}
rCorr   +            G - +0 pair of gloves
SInv    +            U - +2 pair of boots {Stlth+}
Will    ++...        H - amulet of reflection Stlth *+++++++++
                     V - ring of Etretis {rElec rF++ rC+ Int-2 Slay+3}
HPRegen 1.20/turn    D - ring "Noguubb" {*Corrode Fly rF+ rN+ EV+5 Int+2}
MPRegen 0.24/turn

%: corrode self (3%), reflection, guardian spirit, rampage
@: corroded, flying, studying Ranged Weapons
A: fangs 3, regeneration 1, magic shield, antimagic bite, no potion heal 2
}: 2/15 runes: decaying, gossamer
a: Renounce Religion, Stomp, Line Pass


You were on level 2 of the Elven Halls.
You worshipped Uskayaw.
Uskayaw was most pleased with you.
You visited 8 branches of the dungeon, and saw 36 of its levels.
You also visited: Bailey, Ice Cave, Volcano and Desolation.

You collected 6548 gold pieces.
You spent 2473 gold pieces at shops.

Inventory:

Hand Weapons
 a - a +4 rapier of draining (weapon)
 b - a +2 scimitar of flaming
   (You took it off an efreet on level 14 of the Dungeon)
 P - a +2 sling of draining
   (You took it off a goblin on level 2 of the Dungeon)
Missiles
 J - 26 boomerangs
 M - 4 silver javelins (quivered)
 T - 36 poisoned darts
 W - a throwing net {!f}
 X - 5 atropa-tipped darts
Armour
 c - a +0 kite shield (worn)
   (You took it off a tengu warrior on level 14 of the Dungeon)
 m - a +2 helmet of see invisible (worn)
   (You bought it in a shop on level 2 of the Orcish Mines)
 o - a +2 cloak of fire resistance
   (You found it in a volcano)
 z - the +1 leather armour "Nutus" (worn) {Rampage rC+++ rCorr Str-5}
   (You found it on level 2 of the Dungeon)

   Str-5:     It affects your strength (-5).
   rC+++:     It renders you almost immune to cold.
   rCorr:     It protects you from acid and corrosion.
   Rampage:   It bestows one free step when moving towards enemies.
 C - the +0 cloak of Askafaov (worn) {rPois Stlth+}
   (You found it on level 2 of the Spider Nest)

   rPois:     It protects you from poison Stlth+: It makes you more stealthy.
 G - a +0 pair of gloves (worn)
   (You bought it in a shop on level 3 of the Dungeon)
 U - a +2 pair of boots of stealth (worn)
   (You found it on level 3 of the Lair of Beasts)
Jewellery
 g - a ring of positive energy
   (You found it on level 12 of the Dungeon)
 h - a +6 ring of dexterity
   (You found it on level 2 of the Vaults)
 w - a +4 ring of slaying
   (You found it on level 2 of the Dungeon)
 D - the ring "Noguubb" (right hand) {*Corrode Fly rF+ rN+ EV+5 Int+2}
   (You acquired it on level 3 of the Dungeon)

   [ring of evasion]

   EV+5:      It affects your evasion (+5).
   Int+2:     It affects your intelligence (+2).
   rF+:       It protects you from fire.
   rN+:       It protects you from negative energy.
   Fly:       It grants you flight.
   *Corrode:  It may corrode you when you take damage.
 F - a ring of poison resistance
   (You found it on level 5 of the Lair of Beasts)
 H - an amulet of reflection (around neck)
   (You found it on level 11 of the Dungeon)
 V - the ring of Etretis (left hand) {rElec rF++ rC+ Int-2 Slay+3}
   (You found it in the Desolation of Salt)

   [ring of protection from cold]

   Int-2:     It affects your intelligence (-2).
   Slay+3:    It affects your accuracy & damage with ranged weapons and melee
   (+3).
   rF++:      It greatly protects you from fire.
   rC+:       It protects you from cold.
   rElec:     It insulates you from electricity.
Wands
 u - a wand of paralysis (39)
   (You found it on level 7 of the Dungeon)
 v - a wand of digging (4)
   (You found it in the Desolation of Salt)
 y - a wand of quicksilver (34)
   (You found it on level 8 of the Dungeon)
 I - a wand of roots (46)
   (You found it on level 3 of the Lair of Beasts)
 N - a wand of polymorph (13)
   (You found it on level 10 of the Dungeon)
Scrolls
 e - 3 scrolls of immolation {!r}
 f - 2 scrolls of revelation
 p - 14 scrolls of teleportation {@r4}
 E - 3 scrolls of blinking
 K - a scroll of summoning
 O - 2 scrolls of silence
 R - 10 scrolls of fear
 Y - 6 scrolls of fog
Potions
 d - 6 potions of might
 j - 2 potions of berserk rage
 l - 12 potions of curing {@q1}
 n - 8 potions of enlightenment
 q - 10 potions of magic
 r - 7 potions of ambrosia
 s - 4 potions of resistance
 t - 3 potions of invisibility
 A - 2 potions of cancellation
 B - 5 potions of lignification {!q}
 L - 11 potions of mutation {!q}
 Q - 10 potions of haste {@q3}
Miscellaneous
 i - a phial of floods
   (You found it on level 4 of the Lair of Beasts)
 k - a sack of spiders
   (You found it on level 4 of the Lair of Beasts)
 x - a lightning rod (4/4) {!a}
   (You found it on level 4 of the Lair of Beasts)
 S - a phantom mirror
   (You found it on level 4 of the Lair of Beasts)
 Z - a condenser vane
   (You found it on level 3 of the Lair of Beasts)


   Skills:
 + Level 14.3 Fighting
 + Level 14.1 Short Blades
 - Level 7.0 Armour
 - Level 13.0 Dodging
 - Level 24.0 Stealth
 + Level 14.3 Shields
 - Level 17.0 Invocations


You had 21 spell levels left.
You didn't know any spells.
Your spell library contained the following spells:

 Spells                   Type           Power      Damage    Failure   Level
 Foxfire                  Conj/Fire      0%         2x1d4     67%         1
 Kiss of Death            Conj/Necr      0%         2d5       67%         1
 Necrotise                Necr           0%         1d4       67%         1
 Shock                    Conj/Air       0%         1d3       67%         1
 Summon Small Mammal      Summ           0%         N/A       67%         1
 Blink                    Tloc           0%         N/A       80%         2
 Ensorcelled Hibernation  Hex/Ice        0%         N/A       80%         2
 Lesser Beckoning         Tloc           0%         N/A       80%         2
 Momentum Strike          Conj/Tloc      0%         3d8       80%         2
 Searing Ray              Conj           0%         2d4       80%         2
 Confusing Touch          Hex            0%         N/A       95%         3
 Dazzling Flash           Conj/Hex       0%         N/A       95%         3
 Fugue of the Fallen      Necr           0%         N/A       95%         3
 Gell's Gravitas          Tloc           0%         N/A       95%         3
 Inner Flame              Hex/Fire       0%         N/A       95%         3
 Mephitic Cloud           Conj/Alch/Air  0%         N/A       95%         3
 Summon Ice Beast         Ice/Summ       0%         N/A       95%         3
 Teleport Other           Tloc           0%         N/A       95%         3
 Volatile Blastmotes      Fire/Tloc      0%         2d10      95%         3
 Anguish                  Hex/Necr       0%         N/A       100%        4
 Animate Armour           Summ/Erth      0%         N/A       100%        4
 Animate Dead             Necr           0%         N/A       100%        4
 Cause Fear               Hex            0%         N/A       100%        4
 Dispel Undead            Necr           0%         3d6       100%        4
 Flame Wave               Conj/Fire      0%         2d4       100%        4
 Fulminant Prism          Conj/Alch      0%         3d5       100%        4
 Ignite Poison            Fire/Alch      0%         N/A       100%        4
 Iskenderun's Mystic Bla  Conj/Tloc      0%         2d3       100%        4
 Leda's Liquefaction      Alch/Erth      0%         N/A       100%        4
 Passage of Golubria      Tloc           0%         N/A       100%        4
 Sticky Flame             Fire/Alch      0%         2d4       100%        4
 Summon Blazeheart Golem  Fire/Summ      0%         N/A       100%        4
 Summon Lightning Spire   Summ/Air       0%         N/A       100%        4
 Vhi's Electric Charge    Tloc/Air       0%         N/A       100%        4
 Alistair's Intoxication  Alch           0%         N/A       100%        5
 Arcjolt                  Conj/Air       0%         1d10      100%        5
 Borgnjor's Vile Clutch   Necr/Erth      0%         N/A       100%        5
 Fireball                 Conj/Fire      0%         3d3       100%        5
 Freezing Cloud           Conj/Ice/Air   0%         6-21      100%        5
 Lee's Rapid Deconstruct  Erth           0%         3d4*      100%        5
 Silence                  Hex/Air        0%         N/A       100%        5
 Summon Forest            Summ/Tloc      0%         N/A       100%        5
 Summon Mana Viper        Hex/Summ       0%         N/A       100%        5
 Bombard                  Conj/Erth      0%         9d1       100%        6
 Conjure Ball Lightning   Conj/Air       0%         3x3d6     100%        6
 Death Channel            Necr           0%         N/A       100%        6
 Dispersal                Tloc           0%         N/A       100%        6
 Eringya's Noxious Bog    Alch           0%         4d6       100%        6
 Plasma Beam              Fire/Air       0%         2x1d10    100%        6
 Sculpt Simulacrum        Ice/Alch       0%         N/A       100%        6
 Starburst                Conj/Fire      0%         6d3       100%        6
 Summon Cactus Giant      Summ           0%         N/A       100%        6
 Haunt                    Necr/Summ      0%         N/A       100%        7
 Monstrous Menagerie      Summ           0%         N/A       100%        7
 Ozocubu's Refrigeration  Ice            0%         4d7       100%        7
 Borgnjor's Revivificati  Necr           0%         N/A       100%        8
 Discord                  Hex            0%         N/A       100%        8
 Disjunction              Tloc           0%         N/A       100%        8
 Lehudib's Crystal Spear  Conj/Erth      0%         10d2      100%        8
 Maxwell's Capacitive Co  Air            0%         ∞         100%        8
 Death's Door             Necr           0%         N/A       100%        9
 Dragon's Call            Summ           0%         N/A       100%        9
 Polar Vortex             Ice            0%         N/A       100%        9


Dungeon Overview and Level Annotations

Branches:
Dungeon (15/15)            Temple (1/1) D:6            Lair (5/5) D:11
  Swamp (4/4) Lair:3       Spider (4/4) Lair:3        Slime (0/5) Lair:4
    Orc (2/2) D:9             Elf (2/3) Orc:2        Vaults (3/5) D:13
  Crypt (0/3) Vaults:2     Depths (0/4) D:15         Bailey (visited)
  IceCv (visited)         Volcano (visited)         Desolation (visited)

Altars:
Ashenzari
Cheibriados
Dithmenos
Elyvilon
Fedhas
Gozag
Hepliaklqana
Kikubaaqudgha
Makhleb
Nemelex Xobeh
Okawaru
Qazlal
Ru
Sif Muna
Trog
Uskayaw
Vehumet
Wu Jian
Xom
Yredelemnul
Zin
The Shining One
Lugonu

Shops:
D:3 [   Orc:1 ?   Orc:2 **::   Vaults:2 (

Portals:
Abyss: Lair:5
Trove: D:13 (give 7 scrolls of fog)

Annotations:
Swamp:3 2 transporters, exclusion: orange crystal statue
Vaults:3 Sojobo


Innate Abilities, Weirdness & Mutations

You have razor-sharp teeth.
Your natural rate of healing is unusually fast.
When hurt, damage is shared between your health and your magic reserves.
Your bite disrupts and absorbs the magic of your enemies.
Potions cannot restore your health.


Message History

You block the +1 glaive of flaming's attack.
You rampage towards the +1 glaive of flaming!
You hit the +1 glaive of flaming.
You block the +7 glaive of venom's attack.
You block the +1 glaive of flaming's attack.
You hit the +1 glaive of flaming.
Your bite misses the +1 glaive of flaming.
You block the +7 glaive of venom's attack.
You puncture the +1 glaive of flaming!
You bite the +1 glaive of flaming, but do no damage.
You block the +1 glaive of flaming's attack.
You hit the +1 glaive of flaming.
You block the +7 glaive of venom's attack.
You block the +1 glaive of flaming's attack.
You hit the +1 glaive of flaming but do no damage.
You bite the +1 glaive of flaming, but do no damage.
The +7 glaive of venom hits you!!!
* * * LOW HITPOINT WARNING * * *
You block the +1 glaive of flaming's attack.
You hit the +1 glaive of flaming.
You bite the +1 glaive of flaming, but do no damage.
You block the +7 glaive of venom's attack.
You hit the +1 glaive of flaming.
Your bite misses the +1 glaive of flaming.
You block the +1 glaive of flaming's attack.
You hit the +1 glaive of flaming but do no damage.
You bite the +1 glaive of flaming. You drain its power.
You feel invigorated.
You block the +7 glaive of venom's attack.
You block the +1 glaive of flaming's attack.
You hit the +1 glaive of flaming but do no damage.
Your bite misses the +1 glaive of flaming.
The +7 glaive of venom hits you!!
* * * LOW HITPOINT WARNING * * *
You hit the +1 glaive of flaming.
The +1 glaive of flaming falls from the air.
You hit the +7 glaive of venom but do no damage.
Your bite misses the +7 glaive of venom.
The +7 glaive of venom hits you!!
* * * LOW HITPOINT WARNING * * *
You are lethally poisoned!
Your system rejects the healing.
You feel better.
The +7 glaive of venom completely misses you.
Unknown command.
As you read the scroll of summoning, it crumbles to dust.
Wisps of shadow whirl around you...
You block the +7 glaive of venom's attack. x2
Your +1 war axe of flaming hits the +7 glaive of venom!
Your +1 war axe of flaming burns the +7 glaive of venom.
The +7 glaive of venom hits you from afar!!
You die...

.#. ..#.
############### ....#
###..........eE.##.....
#...#..#...#@.#.'......
#............)..'......
#!..#..#...#.(#.'......
#.#.)..).....().##....
#.)############## ...
##.# # #.# #.# #.#


You could see a +7 glaive of venom (ally target), a friendly water elemental
(summoned), a friendly deep elf zephyrmancer (summoned) and a friendly +1 war
axe of flaming (summoned).

Vanquished Creatures
  Bai Suzhen (Swamp:3)
  Rupert (D:14)
  Jorgrun (Swamp:1)
  Mlioglotl (Swamp:3)
  A sphinx (Vaults:1)
  Frances (Swamp:2)
  Kirke (Elf:1)
  2 thorn hunters
  Roxanne (D:14)
  A fire giant (Vaults:1)
  The ghost of TheWayOfAllFlesh the Severer, an adept VSBe of Trog (Spider:2)
  3 deep elf sorcerers (Elf:1)
  4 ghost moths (Spider:4)
  3 fenstrider witches
  8 vault wardens
  3 emperor scorpions (Spider:4)
  2 ghouls (Swamp:3)
  2 imperial myrmidons (Desolation)
  The ghost of cariele the Warrior, a journeyman OnBe of Trog (Swamp:2)
  The ghost of iamserjio the Martial Artist, a journeyman TeFE of Jiyva (Orc:2)
  A deep elf elementalist (Elf:1)
  9 ironbound preservers
  A stone giant (Vaults:1)
  4 ironbound thunderhulks
  2 broodmothers
  A formless jellyfish (Vaults:1)
  A deep elf demonologist (Elf:1)
  8 eleionomae
  2 deep elf annihilators (Elf:1)
  A halazid warlock (Desolation)
  2 bunyips (Swamp:1)
  A deep elf death mage (Elf:1)
  A minotaur (Orc:2)
  4 spark wasps
  Snorg (D:14)
  5 dire elephants
  3 crystal guardians (Desolation)
  An ettin (Vaults:2)
  5 ragged hierophants
  A deep elf high priest (Vaults:1)
  A fire dragon (D:15)
  7 servants of whispers (Desolation)
  4 shambling mangroves
  7 entropy weavers
  3 yaktaur captains
  3 peacekeepers (Desolation)
  3 jorogumos (Spider:4)
  2 ghost crabs
  2 catoblepae
  A radroach (Spider:1)
  4 alligators
  12 hydras
  2 ogre magi (D:15)
  9 boulder beetles
  17 centaur warriors
  14 dancing weapons
  A spriggan air mage (Swamp:2)
  8 death yaks
  4 ironbound frosthearts
  2 tengu warriors (D:14)
  A death scarab (Spider:2)
  A deep troll earth mage (D:15)
  7 two-headed ogres
  The ghost of hitsuchi the Toxicologist, a novice NaAl of Cheibriados (D:8)
  An orc high priest (Orc:2)
  4 thrashing horrors (Lair:5)
  10 demonic crawlers
  Nergalle (D:11)
  9 spriggans
  4 deep elf knights
  A spectral emperor scorpion (Spider:2)
  A fire crab (Lair:3)
  A hell knight (Volcano)
  2 skysharks
  6 pharaoh ants
  2 spectral ghost moths (Spider:2)
  2 goliath frogs
  Lodul (D:10)
  8 orb spiders
  A salamander mystic (Volcano)
  A sea snake (shapeshifter) (D:13)
  7 swamp dragons
  3 spriggan druids
  19 deep trolls
  6 arcanists
  A phantasmal warrior (Swamp:3)
  5 bog bodies
  9 harpies
  3 lindwurms
  5 spectral hydras (Swamp:4)
  An orange crystal statue (Lair:4)
  4 lightning spires (Swamp:1)
  Pikel (D:6)
  3 deep elf archers
  6 orc knights
  8 ironbound convokers
  A large abomination (Lair:5)
  18 deep elf zephyrmancers
  13 steelbarb worms
  2 necromancers
  15 deep elf pyromancers
  An orc sorcerer (Orc:1)
  17 ugly things
  5 manticores
  4 salamanders (Volcano)
  23 wolf spiders
  Maurice (D:8)
  4 will-o-the-wisps
  6 cyclopes
  12 meliai
  2 moths of wrath
  5 kobold blastminers (Orc:2)
  3 oklob plants (Swamp:4)
  2 ice statues (IceCv)
  A guardian serpent (Desolation)
  A stone giant skeleton (Vaults:1)
  9 vault sentinels
  10 elephants
  5 black mambas
  4 smoke demons
  4 torpor snails
  2 gargoyles
  5 molten gargoyles
  12 cane toads
  An emperor scorpion simulacrum (Spider:2)
  2 freezing wraiths
  An unseen horror (D:12)
  7 rime drakes
  A spectral unseen horror (D:8)
  26 yaktaurs
  An unseen horror zombie (D:8)
  2 efreet (D:14)
  12 komodo dragons
  A tengu conjurer (D:14)
  3 ice devils
  5 hydra zombies (Swamp:4)
  6 trolls
  21 hornets
  A hydra skeleton (Swamp:4)
  A hellwing (D:11)
  46 saltlings
  4 tyrant leeches
  A polar bear (shapeshifter) (D:15)
  26 tarantellas
  A blink frog (shapeshifter) (Lair:5)
  3 dream sheep (Lair:5)
  33 blink frogs
  3 raiju (Lair:5)
  20 culicivoras
  17 jumping spiders
  An air elemental (Elf:1)
  Sigmund (D:6)
  A centaur simulacrum (D:15)
  26 slime creatures
  A dire elephant simulacrum (IceCv)
  9 wyverns
  48 yaks
  2 ynoxinuls (Lair:5)
  A fire bat (Lair:3)
  6 fire elementals
  7 basilisks
  2 vampire mosquitoes (Swamp:1)
  2 death yak simulacra (IceCv)
  3 wargs
  3 spectral entropy weavers (Spider:2)
  Edmund (D:5)
  3 chaos spawn
  50 redbacks
  3 steam dragons
  14 swamp worms
  2 acid dragons (D:10)
  Duvessa (D:5)
  A glowing shapeshifter skeleton (Vaults:1)
  15 water moccasins
  2 hydra simulacra
  3 hell hounds
  An ice beast (D:6)
  6 swamp drakes
  28 orc warriors
  A sky beast (D:7)
  A laughing skull (D:15)
  A black bear (Lair:2)
  2 swamp dragon zombies (Swamp:4)
  29 wolves
  17 centaurs
  13 ogres
  2 lemures (D:6)
  A phantom (D:4)
  2 scorpions
  7 bullfrogs
  An entropy weaver simulacrum (Spider:2)
  A gnoll sergeant (D:12)
  6 small abominations (Lair:5)
  10 wights
  Dowan (D:5)
  5 killer bees
  4 howler monkeys
  3 electric eels (Lair:3)
  2 lava snakes
  A human simulacrum (Vaults:1)
  10 orc priests
  4 hounds
  A quasit (D:11)
  6 jellies
  4 gnoll boudas
  4 iguanas
  2 sleepcaps
  14 orc wizards
  2 scorpion zombies (D:13)
  16 hell rats
  A hound zombie (D:13)
  A howler monkey zombie (D:8)
  32 gnolls
  A howler monkey skeleton (D:8)
  8 adders
  13 river rats
  2 swamp drake zombies (Swamp:4)
  2 swamp drake skeletons (Swamp:4)
  2 shadow imps (D:4)
  A white imp (D:8)
  2 ufetubi
  A dart slug (D:3)
  3 ribbon worms
  61 orcs
  12 endoplasms
  6 giant cockroaches
  13 goblins
  10 hobgoblins
  5 quokkas
  10 ball pythons
  2 bats
  4 frilled lizards
  6 kobolds
  22 rats
1413 creatures vanquished.

Vanquished Creatures (others)
  A will-o-the-wisp (Swamp:1)
  A deep elf zephyrmancer (Elf:2)
  4 bloated husks
  An orc warrior (Orc:2)
  8 foxfires (Swamp:1)
15 creatures vanquished.

Grand Total: 1428 creatures vanquished

Notes
Turn   | Place    | Note
-------+----------+-------------------------------------------
     0 | D:1      | James the Vine Stalker Fighter began the quest for the Orb.
     0 | D:1      | Reached XP level 1. HP: 11/11 MP: 2/2
   129 | D:1      | Reached XP level 2. HP: 16/16 MP: 3/3
   579 | D:1      | Reached XP level 3. HP: 19/19 MP: 4/4
  1022 | D:2      | Identified the +1 leather armour "Nutus" {Rampage rC+++
                  | rCorr Str-5}
  1511 | D:2      | Found a glowing golden altar of the Shining One.
  2059 | D:3      | Reached XP level 4. HP: 17/23 MP: 3/5
  2419 | D:3      | Reached skill level 1 in Stealth
  2575 | D:3      | Found Liwnaack's Armour Boutique.
  3134 | D:3      | Identified 2 scrolls of acquirement
  3134 | D:3      | Acquired the ring "Noguubb" {*Corrode Fly rF+ rN+ EV+5
                  | Int+2}
  3234 | D:4      | Found a shadowy altar of Dithmenos.
  3250 | D:4      | Reached XP level 5. HP: 28/28 MP: 6/6
  3340 | D:4      | Reached skill level 2 in Stealth
  3385 | D:4      | Reached skill level 3 in Stealth
  3540 | D:4      | Reached skill level 4 in Stealth
  3588 | D:4      | Reached XP level 6. HP: 30/32 MP: 5/7
  3744 | D:4      | Reached skill level 5 in Stealth
  3799 | D:3      | Bought a +0 pair of gloves for 58 gold pieces
  3799 | D:3      | Bought a +0 helmet for 58 gold pieces
  3844 | D:5      | Entered Level 5 of the Dungeon
  4023 | D:5      | Noticed Duvessa
  4028 | D:5      | Noticed Dowan
  4039 | D:5      | Killed Duvessa
  4040 | D:5      | Reached XP level 7. HP: 24/36 MP: 5/8
  4049 | D:5      | Killed Dowan
  4314 | D:5      | Reached skill level 5 in Short Blades
  4369 | D:5      | Noticed a yak
  4396 | D:5      | Gained mutation: You have razor-sharp teeth. [Vine Stalker
                  | growth]
  4396 | D:5      | Reached XP level 8. HP: 19/40 MP: 3/9
  4533 | D:5      | Killed a yak
  4670 | D:5      | Noticed Edmund
  4684 | D:5      | Killed Edmund
  5454 | D:6      | Found a staircase to the Ecumenical Temple.
  5471 | Temple   | Entered the Ecumenical Temple
  5492 | Temple   | Became a worshipper of Uskayaw the Reveller
  5518 | D:6      | Reached * piety under Uskayaw
  5534 | D:6      | Noticed Sigmund
  5609 | D:6      | Reached ** piety under Uskayaw
  5615 | D:6      | Reached *** piety under Uskayaw
  5618 | D:6      | Reached **** piety under Uskayaw
  5625 | D:6      | Reached ***** piety under Uskayaw
  5704 | D:6      | Found a glowing golden altar of the Shining One.
  5706 | D:6      | Reached XP level 9. HP: 44/44 MP: 10/10
  5706 | D:6      | Found a white marble altar of Elyvilon.
  5706 | D:6      | Found a stormy altar of Qazlal.
  5707 | D:6      | Found an ancient bone altar of Kikubaaqudgha.
  5707 | D:6      | Found an ornate altar of the Wu Jian Council.
  5709 | D:6      | Reached skill level 1 in Invocations
  5747 | D:6      | Noticed Pikel
  5755 | D:6      | Killed Pikel
  5756 | D:6      | Reached skill level 6 in Stealth
  5813 | D:6      | You are sucked into a shaft and drop 1 floor!
  5968 | D:6      | Killed Sigmund
  6396 | D:7      | Identified the +1 leather armour of Vexation {*Slow rPois
                  | rC++}
  6954 | D:8      | Noticed Maurice
  6962 | D:8      | Maurice stole the ring "Noguubb" {*Corrode Fly rF+ rN+ EV+5
                  | Int+2}
  6963 | D:8      | Maurice stole 7 boomerangs
  6968 | D:8      | Killed Maurice
  6969 | D:8      | Reached skill level 7 in Stealth
  6969 | D:8      | Reached skill level 5 in Invocations
  6969 | D:8      | Reached XP level 10. HP: 32/49 MP: 8/15
  7238 | D:9      | Found a staircase to the Orcish Mines.
  7255 | D:9      | Found a flagged portal.
  7298 | Bailey   | Entered a bailey
  7781 | D:8      | Found a runed translucent gate.
  7781 | D:8      | Found a runed translucent gate.
  7786 | D:8      | Found a runed translucent gate.
  7797 | D:8      | Noticed hitsuchi's ghost (novice NaAl)
  7797 | D:8      | Noticed a spectral unseen horror
  8189 | D:9      | Reached skill level 8 in Stealth
  8250 | D:9      | Noticed a manticore
  8258 | D:9      | Killed a manticore
  8259 | D:9      | Reached skill level 10 in Short Blades
  8673 | D:10     | Entered Level 10 of the Dungeon
  9052 | D:10     | Reached XP level 11. HP: 46/53 MP: 16/16
  9584 | D:11     | Noticed a manticore
  9585 | D:11     | Noticed a death yak
  9590 | D:11     | Noticed a death yak
  9594 | D:11     | Killed a death yak
  9595 | D:11     | Killed a manticore
  9621 | D:11     | Noticed a death yak
  9633 | D:10     | Killed a death yak
  9647 | D:10     | Killed a death yak
  9705 | D:11     | Found a staircase to the Lair.
  9708 | D:11     | Identified the +5 spear of Ytwaontu {freeze, rC+ Int+3}
  9746 | D:11     | Noticed Nergalle
  9758 | D:11     | Reached skill level 5 in Fighting
  9758 | D:11     | Reached skill level 9 in Stealth
  9760 | D:11     | Killed Nergalle
  9761 | D:11     | Reached skill level 5 in Shields
  9927 | D:11     | Noticed Lodul
  9962 | D:10     | Killed Lodul
 10036 | D:10     | Reached XP level 12. HP: 60/60 MP: 18/18
 10054 | D:11     | Noticed a two-headed ogre
 10063 | D:11     | Killed a two-headed ogre
 10178 | D:11     | Reached skill level 10 in Stealth
 10494 | Lair:1   | Entered Level 1 of the Lair of Beasts
 10592 | Lair:1   | Noticed a catoblepas
 10607 | Lair:1   | Killed a catoblepas
 11229 | Lair:2   | Noticed a skyshark
 11240 | Lair:2   | Killed a skyshark
 11373 | Lair:2   | Got Zyisan's Practicing the Hermit's Heritage
 12125 | Lair:2   | Reached XP level 13. HP: 44/65 MP: 15/20
 12325 | Lair:3   | Found an iron altar of Okawaru.
 12362 | Lair:3   | Reached skill level 5 in Armour
 12362 | Lair:3   | Reached skill level 5 in Dodging
 12363 | Lair:3   | Reached skill level 11 in Stealth
 12376 | Lair:3   | Reached ****** piety under Uskayaw
 12417 | Lair:3   | Found a hole to the Spider Nest.
 12454 | Lair:3   | Found a dark tunnel.
 12478 | Volcano  | Entered a volcano
 12515 | Volcano  | Found a burning altar of Makhleb.
 12742 | Lair:3   | Reached skill level 12 in Stealth
 12742 | Lair:3   | Reached XP level 14. HP: 70/70 MP: 20/22
 12919 | Lair:3   | Found a transporter.
 13111 | Lair:3   | Found a staircase to the Swamp.
 13221 | Lair:3   | Found a transporter.
 13729 | Lair:4   | Reached skill level 10 in Invocations
 13774 | Lair:4   | Reached skill level 13 in Stealth
 13782 | Lair:4   | HP: 5/108 [komodo dragon (14)]
 14091 | Lair:4   | Reached XP level 15. HP: 77/77 MP: 22/24
 14555 | Lair:4   | Found a staircase to the Slime Pits.
 14572 | Lair:4   | Reached skill level 14 in Stealth
 14832 | Lair:5   | Entered Level 5 of the Lair of Beasts
 14982 | Lair:5   | Reached XP level 16. HP: 71/81 MP: 23/25
 15677 | Lair:5   | Found a corrupted altar of Lugonu.
 15677 | Lair:5   | Found a one-way gate to the infinite horrors of the Abyss.
 16075 | Lair:5   | Got the Guidebook on Summoning
 16353 | D:12     | Found a frozen archway.
 16370 | IceCv    | Entered an ice cave
 16372 | IceCv    | Found a transporter.
 16395 | IceCv    | Found a transporter.
 16399 | IceCv    | Reached skill level 15 in Invocations
 17020 | Orc:1    | Entered Level 1 of the Orcish Mines
 17021 | Orc:1    | Found Dull's Magic Scroll Shop.
 17363 | Orc:2    | Entered Level 2 of the Orcish Mines
 17375 | Orc:2    | Found a runed translucent gate.
 17375 | Orc:2    | Found a runed translucent gate.
 17375 | Orc:2    | Found a runed translucent gate.
 17503 | Orc:2    | Noticed iamserjio's ghost (journeyman TeFE)
 17652 | Orc:2    | Reached skill level 15 in Stealth
 17856 | Orc:2    | Found a staircase to the Elven Halls.
 18170 | Orc:2    | Found Ywnafog's Book Emporium.
 18170 | Orc:2    | Found Loblitt's General Store.
 18170 | Orc:2    | Found Ceomar's General Store.
 18183 | Orc:2    | Reached skill level 16 in Stealth
 18197 | Orc:2    | Found Hoguud's Book Shoppe.
 18507 | Orc:2    | Found Ywnafog's Book Emporium.
 18507 | Orc:2    | Found Loblitt's General Store.
 18507 | Orc:2    | Found Ceomar's General Store.
 18510 | Orc:2    | Found Hoguud's Book Shoppe.
 18570 | Orc:2    | Found a runed translucent gate.
 18570 | Orc:2    | Found a runed translucent gate.
 18570 | Orc:2    | Found a runed translucent gate.
 18773 | Orc:2    | Found a staircase to the Elven Halls.
 18990 | Orc:2    | Acquired 1068 gold pieces
 18992 | Orc:2    | Acquired 1154 gold pieces
 19032 | Orc:1    | Bought a scroll of identify for 26 gold pieces
 19091 | Orc:2    | Bought a scroll of acquirement for 624 gold pieces
 19091 | Orc:2    | Acquired 1106 gold pieces
 19098 | Orc:2    | Bought a manual of Dodging for 1360 gold pieces
 19103 | Orc:2    | Bought a +1 helmet of see invisible for 198 gold pieces
 19259 | D:8      | Killed hitsuchi's ghost
 19454 | Orc:2    | Killed iamserjio's ghost
 19693 | D:13     | Found a portal to a secret trove of treasure.
 19890 | D:13     | Found an ancient bone altar of Kikubaaqudgha.
 19953 | D:13     | Reached XP level 17. HP: 85/85 MP: 29/29
 20071 | D:13     | Reached skill level 17 in Stealth
 20188 | D:13     | Found a gate to the Vaults.
 20689 | D:14     | Noticed Roxanne
 20915 | D:14     | Noticed Rupert
 20928 | D:14     | Killed Rupert
 21043 | D:14     | Noticed Snorg
 21045 | D:14     | Killed Snorg
 21345 | D:15     | Entered Level 15 of the Dungeon
 21702 | D:15     | Reached skill level 18 in Stealth
 21711 | D:15     | Found a staircase to the Depths.
 21770 | D:15     | Reached skill level 10 in Dodging
 22514 | Swamp:1  | Entered Level 1 of the Swamp
 22554 | Swamp:1  | Noticed Jorgrun
 22567 | Swamp:1  | Killed Jorgrun
 23194 | Swamp:1  | Identified the +11 hand axe of Annoyance {spect, Dex+3}
 23389 | Swamp:2  | Found a runed translucent door.
 23818 | Swamp:2  | Noticed Frances
 23835 | Swamp:2  | Reached XP level 18. HP: 39/90 MP: 24/30
 23839 | Swamp:2  | Killed Frances
 23840 | Swamp:2  | Reached skill level 10 in Shields
 24036 | Swamp:2  | Identified the +7 spear "Dugaxurch" {freeze, Int+4 Dex+2}
 24039 | Swamp:2  | Noticed cariele's ghost (journeyman OnBe)
 24051 | Swamp:2  | Killed cariele's ghost
 24320 | Swamp:3  | Found a transporter.
 24378 | Swamp:3  | Found a transporter.
 24379 | Swamp:3  | Noticed a tentacled monstrosity
 24384 | Swamp:3  | Noticed Mlioglotl
 24609 | Spider:1 | Entered Level 1 of the Spider Nest
 25587 | Spider:2 | Found a transporter.
 25589 | Spider:2 | Noticed TheWayOfAllFlesh's ghost (adept VSBe)
 26278 | Spider:2 | Reached skill level 19 in Stealth
 26823 | Spider:3 | Reached skill level 20 in Stealth
 27682 | Spider:4 | Entered Level 4 of the Spider Nest
 27864 | Spider:4 | Reached XP level 19. HP: 93/93 MP: 31/31
 28779 | Spider:4 | Identified the orb of Hepliaklqana's Envy {mayhem, rF+
                  | rCorr Str+4 Dex-3}
 28791 | Spider:4 | Got a gossamer rune of Zot
 28998 | Spider:2 | Found a transporter.
 29228 | Swamp:3  | Killed Mlioglotl
 29408 | Swamp:3  | Noticed Bai Suzhen
 29437 | Swamp:3  | Killed Bai Suzhen
 29836 | Swamp:4  | Entered Level 4 of the Swamp
 30331 | Swamp:3  | Reached skill level 10 in Fighting
 31022 | Swamp:4  | Found a blossoming altar of Fedhas.
 31068 | Swamp:4  | Got a decaying rune of Zot
 31091 | Swamp:4  | Found a basalt altar of Yredelemnul.
 31437 | Orc:1    | Bought a scroll of blinking for 97 gold pieces
 31437 | Orc:1    | Bought a scroll of fear for 52 gold pieces
 31801 | Elf:1    | Entered Level 1 of the Elven Halls
 32043 | Vaults:1 | Entered Level 1 of the Vaults
 32086 | Vaults:1 | Reached XP level 20. HP: 102/102 MP: 33/33
 32558 | Vaults:1 | Paralysed by a formless jellyfish for 1 turns
 32761 | Vaults:1 | Reached skill level 21 in Stealth
 33101 | Vaults:1 | Reached skill level 22 in Stealth
 33591 | Vaults:2 | Reached skill level 23 in Stealth
 33645 | Vaults:2 | Found a crumbling gateway.
 33666 | Desolati | Entered the Desolation of Salt
 33787 | Desolati | Identified the ring "Raaric" {Str+6 Int+5}
 33810 | Desolati | Identified the +7 orcbow of Raov {flame, *Slow rN+ Int+2}
 33825 | Desolati | Got Sif Muna's Book of Mud
 34050 | Desolati | Identified the +3 mace "Uguph" {drain, rPois}
 34139 | Desolati | Reached XP level 21. HP: 96/111 MP: 25/34
 34166 | Desolati | Identified the ring of Etretis {rElec rF++ rC+ Int-2
                  | Slay+3}
 34172 | Desolati | Got Zeagoj's Tome of Force
 34175 | Desolati | Got the Compendium of the Treeataur
 34859 | Vaults:2 | Found a staircase to the Crypt.
 34859 | Vaults:2 | Found a basalt altar of Yredelemnul.
 34860 | Vaults:2 | Found an ancient bone altar of Kikubaaqudgha.
 35072 | Vaults:2 | Found Foppur's Weapon Emporium.
 35381 | Vaults:3 | Noticed Sojobo
 35398 | Vaults:3 | HP: 5/115 [stone giant/large rock (24)]
 35409 | Vaults:3 | Paralysed by an air elemental for 1 turns
 35417 | Vaults:3 | Paralysed by an air elemental for 1 turns
 35819 | Lair:4   | Identified the +5 quarterstaff "Dragonbane" {flame, *Noise
                  | rC+ rN+ Int+5}
 36060 | D:14     | Killed Roxanne
 36695 | Spider:2 | Killed TheWayOfAllFlesh's ghost
 36727 | Spider:2 | Identified the +0 cloak of Askafaov {rPois Stlth+}
 37072 | Elf:1    | Reached skill level 24 in Stealth
 37178 | Elf:1    | Found a radiant altar of Vehumet.
 37232 | Elf:1    | Got Nuobu's Compendium of Company
 37263 | Elf:1    | Paralysed by an air elemental for 1 turns
 37355 | Elf:1    | Noticed Kirke
 37365 | Elf:1    | Killed Kirke
 38038 | Elf:2    | Reached XP level 22. HP: 121/121 MP: 35/35
 38042 | Elf:2    | Found a runed translucent gate.
 38042 | Elf:2    | Found a runed translucent gate.
 38042 | Elf:2    | Found a runed translucent gate.
 38101 | Elf:2    | Mangled by a +7 glaive of venom

Illustrated notes

Levels and vault maps discovered:
D:1:      dpeg_arrival_ratfight, layout_basic
D:2:      layout_basic, basic_altar, minmay_stone_trees_small
D:3:      layout_basic, serial_shops, nicolae_lakefront_shop
D:4:      layout_basic, nicolae_dithmenos_shadow_blocks, nrook_mini_vaults,
          minmay_close_crescents
D:5:      layout_loops_cross, kennysheep_doodads, minmay_manual_mandibuliform,
          uniq_duvessa, uniq_edmund
D:6:      layout_basic, grunt_temple_overflow_open, minmay_temple_entry_waves,
          hangedman_decor_opposing, dk_rats_in_the_wall, uniq_sigmund,
          uniq_pikel
D:7:      layout_rooms
D:8:      kennysheep_steamy, layout_loops_cross, gammafunk_ghost_necromancy,
          kennysheep_small_circle, uniq_maurice
D:9:      layout_roguey, minmay_orc_entry_guard_dogs, enter_bailey_5
D:10:     layout_irregular_city
D:11:     layout_roguey, dpeg_lair_monsters, serial_demonic, serial_demonic_b,
          serial_demonic_c, serial_demonic_e, serial_demonic_e,
          nicolae_letterblocks [nicolae_letter_subblock,
          nicolae_letter_subblock, nicolae_letter_subblock,
          nicolae_letter_subblock, nicolae_letter_subblock,
          nicolae_letter_subblock, nicolae_letter_subblock,
          nicolae_letter_subblock, nicolae_letter_subblock,
          nicolae_letter_subblock, nicolae_letter_subblock,
          nicolae_letter_subblock, nicolae_letter_subblock,
          nicolae_letter_subblock, nicolae_letter_subblock,
          nicolae_letter_subblock, nicolae_letter_subblock,
          nicolae_letter_subblock, nicolae_letter_subblock,
          nicolae_letter_subblock, nicolae_letter_subblock,
          nicolae_letter_subblock, nicolae_letter_subblock,
          nicolae_letter_subblock, nicolae_letter_subblock], uniq_lodul,
          uniq_nergalle
D:12:     layout_rooms, portal_ice_cave_demonic_guard
D:13:     layout_long_grid, david_vaults_4, nicolae_trove_entry_free_sample,
          lemuel_zombie_altar_kikubaaqudgha
D:14:     layout_irregular_city, infiniplex_staircase_river, uniq_snorg,
          uniq_rupert, uniq_roxanne
D:15:     hellmonk_depths_entry_around_the_bend, layout_rooms,
          nicolae_eternal_life, special_room [special_room_mythical_zoo],
          grunt_decor_junction
Temple:   kb_temple_of_zot
Lair:1:   layout_loops_ring
Lair:2:   layout_gridlike, wad_woods_river_01
Lair:3:   gammafunk_cloud_chamber, layout_chaotic_city,
          nicolae_swamp_entry_splash_gauntlet,
          nicolae_spider_entry_lesser_pyramids, nicolae_volcano_entry_vermiform,
          basic_altar, chequers_serial_rivers_micro_a, pond
Lair:4:   statuecave_lemuel, layout_regular_city, slime_entry_2, st_stairs_12,
          dreamdust_wasp_nest, serial_bayou_shore_b, grunt_megastairs_5
Lair:5:   hellmonk_lair_end_abyssal_woods, layout_gridlike, serial_bayou_ford_a
Swamp:1:  layout_basic_swamp, nicolae_swamp_little_tower, swamp_pool_4,
          hangedman_swamp_phenomena, infiniplex_staircase_pool, uniq_jorgrun
Swamp:2:  layout_falls_marsh, ebering_ghost_funeral_grove,
          evilmike_swamp_ruin_rubble_1, nicolae_swamp_tree_isthmus, uniq_frances
Swamp:3:  gammafunk_sealed_arena, layout_falls_marsh, nicolae_swamp_treefoil,
          swamp_pool_1_2, uniq_mlioglotl, uniq_bai_suzhen
Swamp:4:  byrel_swamp_growth_death_and_undeath, layout_basic_swamp,
          nicolae_swamp_decorative_isthmus
Spider:1: layout_spider_delve
Spider:2: layout_spider_delve, gammafunk_ghost_mausoleum,
          nicolae_spider_circle_web, nicolae_spider_bug_shape
Spider:3: layout_chambers
Spider:4: grunt_spider_rune_island
Orc:1:    layout_diamond_mine, serial_shops, shop
Orc:2:    st_orc_rangers, layout_diamond_mine, maelrawn_ghost_gauntlet_escape,
          nicolae_orc_crystal_seam, nicolae_orc_tapped_out
Elf:1:    minmay_elf_arrival_circle, layout_loops_ring, basic_altar,
          minmay_elf_demonology, hangedman_glass_teeth, uniq_kirke
Elf:2:    nicolae_elf_blades_splatter_lattice [nooodl_blade_entry_preview],
          layout_rooms, serial_sigils_hangedman_snap, grunt_ministairs_10
Vaults:1: nicolae_vaults_big_ls, ontoclasm_vaults_gateway,
          hangedman_vaults_cutoff, nicolae_vaults_stepped_doors,
          hangedman_vaults_maws, nicolae_vaults_shipping_containers_5,
          v_rooms_5, hangedman_vaults_stitches, nicolae_vaults_tetromino_L_2,
          hangedman_vaults_corner_blocks, hangedman_vaults_impose,
          vaults_dpeg_ring, layout_vaults_maze
Vaults:2: portal_desolation_entry_nicolae_nacl, grunt_vaults_hallway_short,
          minmay_crypt_entry_necro_gods, vaults_mumra_lcd,
          nicolae_vaults_oval_intersection, nicolae_vaults_octothorpe,
          nicolae_vaults_what_the_h, nicolae_vaults_twisting_passages,
          v_misc_15, nicolae_vaults_sightless_eye,
          nicolae_vaults_taking_the_gang_shopping, layout_vaults_ring
Vaults:3: nicolae_vaults_specimen_jars, ontoclasm_vaults_hangar,
          vaults_room_hallway, nicolae_vaults_branching_niches, v_pattern_4,
          nicolae_vaults_prndl, v_misc_11, v_misc_11,
          vaults_dpeg_emergency_exit, layout_vaults_omnigrid, uniq_sojobo

Skill      XL: |  1  2  3  4  5  6  7  8  9 10 11 12 13 14 15 16 17 18 19 20 21 |
---------------+----------------------------------------------------------------+-----
Short Blades   | 2 3 4 5 8 9 11 12 13 14 | 14.1
Stealth        | 1 4 5 7 8 9 10 12 13 14 16 18 20 23 24 | 24.0
Fighting       | 3 4 5 6 7 8 10 12 14 | 14.3
Shields        | 3 4 5 6 9 12 14 | 14.3
Armour         | 3 4 5 6 7 |  7.0
Dodging        | 2 3 4 5 6 7 11 13 | 13.0
Invocations    | 5 6 7 8 9 11 15 16 17 | 17.0

Action                     |  1- 3 |  4- 6 |  7- 9 | 10-12 | 13-15 | 16-18 | 19-21 | 22-24 || total
---------------------------+-------+-------+-------+-------+-------+-------+-------+-------++-------
  Melee: Rapier            |   127 |    68 |    50 |   514 |   367 |  1523 |  1429 |    21 ||  4099
         Bite              |    27 |    17 |    57 |   174 |   134 |   660 |   693 |    10 ||  1772
         Short sword       |       |       |   123 |       |       |       |       |       ||   123
         Scimitar          |       |       |       |       |       |       |    23 |       ||    23
   Fire: Sling             |     2 |    93 |    79 |    61 |       |       |       |       ||   235
  Throw: Dart              |       |       |       |       |       |     2 |       |       ||     2
 Invoke: Grand Finale      |       |       |       |       |       |     5 |     3 |       ||     8
  Evoke: Condenser vane    |       |       |       |       |       |     1 |       |       ||     1
    Use: Scroll            |       |    17 |     5 |     7 |     4 |    13 |     5 |     1 ||    52
         Potion            |       |       |       |       |     3 |     6 |     2 |     1 ||    12
   Stab: Sleeping          |     2 |       |     6 |    28 |    20 |   102 |   127 |       ||   285
         Paralysed         |       |       |     8 |    39 |    34 |   120 |   125 |     1 ||   327
         Distracted        |       |       |       |     2 |     2 |     5 |    13 |       ||    22
 Armour: Scale mail        |    33 |       |       |       |       |       |       |       ||    33
         Leather armour    |    25 |    43 |    81 |   137 |   125 |   421 |   446 |    10 ||  1288
  Dodge: Dodged            |    46 |    44 |   157 |   277 |   129 |   634 |   736 |     6 ||  2029
  Block: Buckler           |    19 |    16 |    44 |   125 |   112 |   243 |       |       ||   559
         Reflection        |       |       |       |     1 |       |    45 |    41 |       ||    87
         Kite shield       |       |       |       |       |       |   631 |   928 |    22 ||  1581

Table legend: (Time is in decaauts)
 A = Elapsed time spent in this place.
 B = Non-inter-level travel time spent in this place.
 C = Inter-level travel time spent in this place.
 D = Time resting spent in this place.
 E = Time spent auto-exploring this place.
 F = Levels seen in this place.
 G = Mean time per level.
                   A        B        C        D        E       F      G
               +--------+--------+--------+--------+--------+-----+--------+
         Total |  36633 |  31426 |   5207 |   2848 |  17028 |  40 |  915.8 |
       Dungeon |  14355 |  12183 |   2172 |    682 |   7938 |  15 |  957.0 |
        Temple |     41 |     22 |     19 |      0 |      0 |   1 |   41.0 |
          Lair |   6167 |   5010 |   1157 |    388 |   2909 |   5 | 1233.4 |
         Swamp |   4162 |   3581 |    581 |   1027 |   1264 |   4 | 1040.5 |
   Spider Nest |   4391 |   3931 |    460 |    328 |   2055 |   4 | 1097.8 |
  Orcish Mines |   2605 |   2031 |    574 |     36 |   1070 |   2 | 1302.5 |
   Elven Halls |    965 |    960 |      5 |      0 |    594 |   2 |  482.5 |
        Vaults |   2717 |   2481 |    236 |    370 |   1058 |   3 |  905.7 |
        Bailey |    315 |    315 |      0 |      0 |     32 |   1 |  315.0 |
      Ice Cave |     76 |     76 |      0 |      0 |      0 |   1 |   76.0 |
       Volcano |    233 |    233 |      0 |      0 |     31 |   1 |  233.0 |
    Desolation |    601 |    601 |      0 |     17 |     77 |   1 |  601.0 |
               +--------+--------+--------+--------+--------+-----+--------+

Top non-repeatable levels by time:
   Orc:2: 1887 daAuts
 Swamp:3: 1506 daAuts
  Lair:3: 1505 daAuts
Vaults:1: 1463 daAuts
Spider:3: 1426 daAuts
    D:10: 1410 daAuts
     D:5: 1405 daAuts
  Lair:4: 1302 daAuts
Spider:2: 1205 daAuts
  Lair:5: 1190 daAuts
  Lair:2: 1160 daAuts
 Swamp:1: 1090 daAuts
     D:3: 1085 daAuts
     D:1: 1048 daAuts
    D:14: 1022 daAuts
